[Event "Early-Titled-Tuesday-Blitz-March-26-2024"]
[Site "Chess.com"]
[Date "2024.03.26"]
[Round "6"]
[White "ragnaroek66"]
[Black "flawian2008"]
[Result "0-1"]
[WhiteElo "2513"]
[BlackElo "2405"]
[TimeControl "180+1"]
[EndTime "9:02:23 PDT"]
[Termination "flawian2008 won by resignation"]

1. d4 Nf6 2. c4 c5 3. d5 b5 4. cxb5 a6 5. bxa6 g6 6. Nc3 Bg7 7. e4 O-O 8. a7 Rxa7 9. Nf3 e6 10. Be2 exd5 11. exd5 d6 12. O-O Na6 13. Nb5 Rd7 14. Bc4 Bb7 15. Bf4 Nb4 16. Bg5 Qa8 17. Bxf6 Bxf6 18. Nc3 Bxc3 19. bxc3 Nxd5 20. Ng5 Nxc3 21. Qg4 Qd8 22. Qh4 h5 23. Qg3 d5 24. Bd3 c4 25.
Rac1 Nxa2 26. Ra1 Nc3 27. Rfc1 Qf6 28. Bxc4 dxc4 29. Rxc3 Rd3 0-1

[Event "Early-Titled-Tuesday-Blitz-March-26-2024"]
[Site "Chess.com"]
[Date "2024.03.26"]
[Round "6"]
[White "Shodikulov_Jamshid1990"]
[Black "DinaBelenkaya"]
[Result "0-1"]
[WhiteElo "2254"]
[BlackElo "2481"]
[TimeControl "180+1"]
[EndTime "9:02:26 PDT"]
[Termination "DinaBelenkaya won by resignation"]

1. e4 c6 2. d4 d5 3. Nc3 dxe4 4.
Nxe4 Nf6 5. Ng5 Bf5 6. Bc4 e6 7. Ne2 h6 8. Nf3 Nbd7 9. Ng3 Bg6 10. O-O Bd6 11. Re1 O-O 12. a4 Qc7 13. Qe2 Nb6 14. Bb3 Nbd5 15. Ne5 Bh7 16. c4 Nb4 17. Bd2 a5 18. Bc3 Bxe5 19. dxe5 Nd7 20. Ne4 Bxe4 21. Qxe4 Nc5 22. Qe3 Nxb3 23. Bxb4 Nxa1 24. Bxf8 Nc2 25. Bd6 Qd8 26. Qd2 Nxe1 27. Qxe1 Qb6 28. Qd2 Qb3 29.
h4 Qxc4 30. h5 Qxa4 31. Be7 Qe4 32. Qc3 a4 33. Qg3 Qb1+ 34. Kh2 Qf5 35. Bf6 Qxh5+ 36.
Kg1 Qg6 0-1

[Event "Early-Titled-Tuesday-Blitz-March-26-2024"]
[Site "Chess.com"]
[Date "2024.03.26"]
[Round "6"]
[White "Manukyan_Artak"]
[Black "frequentblunders"]
[Result "1-0"]
[WhiteElo "2465"]
[BlackElo "2195"]
[TimeControl "180+1"]
[EndTime "9:02:33 PDT"]
[Termination "Manukyan_Artak won by resignation"]

1. e4 e6 2. d4 d5 3. e5 c5 4. c3 Bd7 5. Nf3 Qb6 6. a3 a5 7.
Bd3 c4 8. Bc2 a4 9. O-O Qc7 10.
Nbd2 b5 11. Re1 Nc6 12. Nf1 Na5 13. Rb1 Nb3 14. Bg5 h6 15. Bh4 Ne7 16. Ne3 g5 17. Bg3 O-O-O 18. Ng4 Qb7 19. Nf6 Nf5 20. h3 Nxg3 21.
fxg3 Be7 22. Nh5 g4 23. hxg4 Rdg8 24. Nf6 Bxf6 25. exf6 Rxg4 26. Ne5 Rxg3 27. Nxf7 Rhg8 28. Nd6+ Kb8 29. Nxb7 Rxg2+ 30. Kh1 Kxb7 31. f7 1-0

[Event "Early-Titled-Tuesday-Blitz-March-26-2024"]
[Site "Chess.com"]
[Date "2024.03.26"]
[Round "6"]
[White "kyuotbi"]
[Black "ChessSwole"]
[Result "0-1"]
[WhiteElo "2288"]
[BlackElo "2677"]
[TimeControl "180+1"]
[EndTime "9:02:35 PDT"]
[Termination "ChessSwole won by resignation"]

1. e4 d5 2. exd5 Qxd5 3. Nc3 Qd8 4. d4 Nf6 5. Nf3 g6 6. Be2 Bg7 7. O-O O-O 8. Be3 Nc6 9. Qd2 b6 10. d5 Nb4 11. Bc4 Bb7 12. Rad1 c6 13. dxc6 Nxc6 14.
Qe2 Qc8 15. Bb3 Na5 16. Nd4 Nxb3 17. axb3 Rd8 18. Bf4 Nd5 19. Nxd5 Rxd5 20. Nf3 Rf5 21. Bg3 e6 22. Nd4 Rd5 23. Nb5 Qc6 24. c4 Rxb5 25. f3 Rxb3 26. Rd6 Qc5+ 27. Kh1 Rxb2 28. Qd3 Bf6 29.
Rd1 Qf5 30. Qe3 Rb1 0-1

[Event "Early-Titled-Tuesday-Blitz-March-26-2024"]
[Site "Chess.com"]
[Date "2024.03.26"]
[Round "6"]
[White "AdvanceGuard4"]
[Black "Boudicca64"]
[Result "1-0"]
[WhiteElo "2647"]
[BlackElo "1824"]
[TimeControl "180+1"]
[EndTime "9:02:36 PDT"]
[Termination "AdvanceGuard4 won by resignation"]

1. e4 g6 2. d4 Bg7 3. Nf3 c5 4. c3 d5 5. exd5 Qxd5 6. Be3 Bg4 7. Be2 cxd4 8. cxd4 e6 9. Nc3 Qa5 10. Qb3 Qb6 11. Bb5+ Kf8 12. d5 Qa5 13. Bc5+ Ne7 14. d6 Nec6 15. O-O a6 16. Bxc6 Nxc6 17. Qxb7 Qxc5 18. Qxa8+ 1-0

[Event "Early-Titled-Tuesday-Blitz-March-26-2024"]
[Site "Chess.com"]
[Date "2024.03.26"]
[Round "6"]
[White "AwareIdea"]
[Black "Stanbad1"]
[Result "0-1"]
[WhiteElo "2502"]
[BlackElo "2654"]
[TimeControl "180+1"]
[EndTime "9:02:38 PDT"]
[Termination "Stanbad1 won by resignation"]

1. d4 Nf6 2. Bf4 g6 3. Nc3 d5 4. e3 Bg7 5. Nf3 O-O 6. Ne5 c5 7. Qd2 Nc6 8. Be2 cxd4 9. exd4 Nd7 10. Nxc6 bxc6 11. O-O Re8 12. Bg4 Qb6 13. Rfd1 e6 14. Rab1 c5 15. Na4 Qc6 16. dxc5 Qxa4 17. b4 Ne5 18.
Be2 Bd7 19. b5 Rec8 20. c6 Be8 21. Bxe5 Bxe5 22. c4 dxc4 23. Rb4 Qa5 24. Bxc4 Rab8 25. Bf1 Bxc6 26. a4 Bd5 27. h4 Bc3 0-1

[Event "Early-Titled-Tuesday-Blitz-March-26-2024"]
[Site "Chess.com"]
[Date "2024.03.26"]
[Round "6"]
[White "Dewarfd"]
[Black "shirovin"]
[Result "1-0"]
[WhiteElo "2156"]
[BlackElo "2041"]
[TimeControl "180+1"]
[EndTime "9:02:47 PDT"]
[Termination "Dewarfd won by resignation"]

1. c4 e5 2. Nc3 Nc6 3. g3 Bc5 4. Bg2 a5 5. e4 d6 6. Nge2 Nge7 7.
O-O Be6 8. Nd5 h5 9. h4 g5 10. d4 Nxd4 11. Bxg5 Bxd5 12. cxd5 Qd7 13. Nxd4 Bxd4 14.
Bf6 Rg8 15. Qxh5 O-O-O 16. Rac1 Rxg3 17. Kh2 Rg6 18. Bh3 Rdg8 19. Bxd7+ Kxd7 20. Bxe7 Kxe7 21. Rg1 Bxf2 22. Rxg6 Rxg6 23. Rf1 Bg3+ 24. Kh1 Bf4 25. Qf5 Rg3 26. h5 Rg5 27. Rxf4 exf4 28. Qxg5+ 1-0

[Event "Early-Titled-Tuesday-Blitz-March-26-2024"]
[Site "Chess.com"]
[Date "2024.03.26"]
[Round "6"]
[White "artooon"]
[Black "ActorXu"]
[Result "1/2-1/2"]
[WhiteElo "3022"]
[BlackElo "2861"]
[TimeControl "180+1"]
[EndTime "9:02:49 PDT"]
[Termination "Game drawn by repetition"]

1. e4 e5 2. Nf3 Nf6 3. Nc3 Nc6 4.
Bb5 Nd4 5. Bc4 Bc5 6. d3 d6 7. h3 Be6 8. Be3 Nxf3+ 9. Qxf3 Bxe3 10. Qxe3 O-O 11. O-O Bxc4 12. dxc4 Qe7 13. Rad1 b6 14. Qe2 Qe6 15. b3 Nd7 16. Nd5 Rac8 17. Qg4 Rfe8 18.
Rfe1 Qxg4 19. hxg4 Nc5 20. f3 Ne6 21. Kf2 f6 22. a4 a5 23. g3 Kf7 24. Rh1 h6 25.
Ne3 Nd4 26. Rd2 Rh8 27. Nf5 Nxf5 28. gxf5 Rhd8 29. Ke3 Ra8 30. Rd5 Re8 31. Rd2 Red8 32. Rd3 Re8 33. Rh2 Re7 34. Rh3 Ree8 35. Rh4 Re7 36.
Rh1 Ree8 37. Rd2 Re7 38. Rd5 Ree8 39. g4 Ra7 40. c3 Re7 41. Rd2 Re8 42. Rdh2 Ra6 43.
Rd2 Ra7 44. Rhh2 Ra6 45. Rh1 Ra7 1/2-1/2

[Event "Early-Titled-Tuesday-Blitz-March-26-2024"]
[Site "Chess.com"]
[Date "2024.03.26"]
[Round "6"]
[White "Speed-O-Sonic"]
[Black "RebecaJimnz"]
[Result "1-0"]
[WhiteElo "2460"]
[BlackElo "2242"]
[TimeControl "180+1"]
[EndTime "9:02:49 PDT"]
[Termination "Speed-O-Sonic won by resignation"]

1. e4 c5 2. Nc3 Nc6 3. Bb5 Nd4 4. Nf3 g6 5. Bc4 Bg7 6. Nxd4 cxd4 7. Qf3 e6 8. Nb5 d6 9. Qa3 Bf8 10. Nxd4 Nf6 11. d3 d5 12. Bb5+ Bd7 13. Qa4 dxe4 14. dxe4 Nxe4 15. Nxe6 fxe6 16. Bxd7+ Qxd7 17. Qxe4 O-O-O 18. O-O Bg7 19. Bg5 Qd5 20. Qe3 Bd4 21. Qd2 Bxf2+ 22. Rxf2 Qc5 23. Bxd8 Rxd8 24. Qc3 1-0

[Event "Early-Titled-Tuesday-Blitz-March-26-2024"]
[Site "Chess.com"]
[Date "2024.03.26"]
[Round "6"]
[White "SharapovEvgeny"]
[Black "blitzking1729"]
[Result "0-1"]
[WhiteElo "2566"]
[BlackElo "2763"]
[TimeControl "180+1"]
[EndTime "9:02:51 PDT"]
[Termination "blitzking1729 won by resignation"]

1. e4 d6 2. d4 Nf6 3. Nc3 e5 4.
dxe5 dxe5 5. Qxd8+ Kxd8 6. Bc4 Ke8 7. Nf3 Bd6 8. Bg5 Be6 9. Bxe6 fxe6 10. Ke2 a6 11.
Rad1 Nc6 12. a3 b5 13. Be3 Ke7 14. h3 Rhb8 15. Bg5 a5 16. Nb1 h6 17. Bxf6+ gxf6 18. Nbd2 Bc5 19. c3 b4 20. Nb3 Bd6 21. axb4 axb4 22.
c4 Ra2 23. Rd2 Na5 24. Nxa5 Rxa5 25. Rhd1 b3 26. Ne1 Rb4 27. Rc1 Bc5 28. Nd3 Rba4 29. Nxc5 Rxc5 30. Rd3 Rcxc4 31. Rxc4 Rxc4 32. Rxb3 Rxe4+ 33. Kf3 Rc4 34. Rb8 f5 35. Rh8 Rb4 36. Rxh6 Rb3+ 37.
Ke2 Rxb2+ 38. Kf1 c5 39. h4 c4 40. Rh8 Kd7 41. Ra8 c3 42. Ra1 c2 0-1

[Event "Early-Titled-Tuesday-Blitz-March-26-2024"]
[Site "Chess.com"]
[Date "2024.03.26"]
[Round "6"]
[White "KNVB"]
[Black "Flaccidmoves"]
[Result "1-0"]
[WhiteElo "2766"]
[BlackElo "2447"]
[TimeControl "180+1"]
[EndTime "9:02:53 PDT"]
[Termination "KNVB won on time"]

1. d4 Nf6 2. Bf4 g6 3. e3 Bg7 4. h3 d6 5. Bh2 O-O 6. c3 Nbd7 7.
Nf3 b6 8. Be2 Bb7 9. a4 a6 10. O-O Qe8 11. c4 e5 12. Nc3 Qe7 13. a5 Rfe8 14. axb6 cxb6 15. Re1 Rac8 16. Qa4 Qd8 17. Qa3 Qc7 18. Bg3 Nh5 19. Bh2 f5 20.
Rad1 f4 21. dxe5 dxe5 22. Nd5 Bxd5 23. cxd5 Nc5 24. d6 Qd7 25. exf4 Nxf4 26. Bc4+ Kh8 27. Ng5 Rf8 28. b4 Na4 29. Bxa6 b5 30. Bxc8 1-0

[Event "Early-Titled-Tuesday-Blitz-March-26-2024"]
[Site "Chess.com"]
[Date "2024.03.26"]
[Round "6"]
[White "MarijaKuznecova"]
[Black "Yuruultei"]
[Result "1-0"]
[WhiteElo "2410"]
[BlackElo "2226"]
[TimeControl "180+1"]
[EndTime "9:02:53 PDT"]
[Termination "MarijaKuznecova won by resignation"]

1. e4 c5 2. Nf3 e6 3. d4 cxd4 4.
Nxd4 Nc6 5. Nc3 a6 6. g3 Nf6 7. Bg2 d6 8. O-O Be7 9. Be3 O-O 10.
f4 Bd7 11. h3 Nxd4 12. Bxd4 Bc6 13. g4 Qc7 14. f5 exf5 15. gxf5 b5 16. Nd5 Bxd5 17.
exd5 Nd7 18. Qd2 Bf6 19. Rae1 Rae8 20. Bxf6 Nxf6 21. c3 Re7 22. a4 bxa4 23. Qd4 Rfe8 24. Rxe7 Rxe7 25. Ra1 Qb7 26. Rxa4 Qxb2 27. Rxa6 Re1+ 28.
Kh2 Re2 29. Ra8+ Ne8 30. Qg4 Qxc3 31. Qxe2 1-0

[Event "Early-Titled-Tuesday-Blitz-March-26-2024"]
[Site "Chess.com"]
[Date "2024.03.26"]
[Round "6"]
[White "dodorox"]
[Black "Viktor_Poddubnyi"]
[Result "1-0"]
[WhiteElo "2128"]
[BlackElo "2317"]
[TimeControl "180+1"]
[EndTime "9:02:57 PDT"]
[Termination "dodorox won by resignation"]

1. d4 g6 2. c4 Bg7 3. Nc3 c5 4. d5 f5 5. Qc2 Nf6 6. g3 O-O 7. Bg2 d6 8. e3 a6 9. a4 Nbd7 10. Nge2 Ne5 11. b3 h6 12. O-O Rb8 13. Bb2 g5 14. h3 Qe8 15. f4 Nf7 16. Rae1 e5 17.
dxe6 Bxe6 18. e4 fxe4 19. Nxe4 Nxe4 20. Bxg7 Kxg7 21. Qxe4 Qd7 22. f5 1-0

[Event "Early-Titled-Tuesday-Blitz-March-26-2024"]
[Site "Chess.com"]
[Date "2024.03.26"]
[Round "6"]
[White "northridgehawk"]
[Black "MikeWizard"]
[Result "1-0"]
[WhiteElo "2331"]
[BlackElo "2089"]
[TimeControl "180+1"]
[EndTime "9:02:57 PDT"]
[Termination "northridgehawk won by resignation"]

1. e4 d6 2. d4 Nf6 3. Nc3 Nbd7 4.
f4 e5 5. Nf3 exd4 6. Qxd4 c6 7.
Be3 Be7 8. O-O-O O-O 9. h3 Qa5 10. g4 b5 11. Kb1 c5 12. Qd2 b4 13. Nd5 Nxd5 14. exd5 Nb6 15. f5 Bf6 16. g5 Bxb2 17. Kxb2 Qa3+ 18. Ka1 Na4 19. Rb1 Nc3 20. Rb2 Bxf5 21.
Bc4 Rfe8 22. Rf1 Re7 23. Bf4 Re4 24. Bd3 Rxf4 25. Qxf4 Bxd3 26. cxd3 Re8 27. Ne5 Rf8 28. Nxf7 Na4 29. Nh6+ 1-0

[Event "Early-Titled-Tuesday-Blitz-March-26-2024"]
[Site "Chess.com"]
[Date "2024.03.26"]
[Round "6"]
[White "ArturoCaceres"]
[Black "rcmz"]
[Result "1-0"]
[WhiteElo "2442"]
[BlackElo "2208"]
[TimeControl "180+1"]
[EndTime "9:03:02 PDT"]
[Termination "ArturoCaceres won by resignation"]

1. d4 d6 2. c4 Nd7 3. e4 h6 4.
Nc3 g5 5. Be3 Bg7 6. h4 gxh4 7.
Rxh4 Nf8 8. Rh1 Ng6 9. f4 f5 10. exf5 Bxf5 11. g4 Bd7 12. Bd3 Nf8 13. g5 Be6 14. f5 Qd7 15. fxe6 Qxe6 16. Qh5+ Kd8 17. Qh3 hxg5 18. Qxe6 Nxe6 19. Rxh8 Bxh8 20. Nge2 Nf6 21.
Kd2 c6 22. Rh1 Kc7 23. Ng3 Ng4 24. Nf5 Kd7 25. Rh7 Re8 26. d5 cxd5 27. cxd5 Nf4 28.
Bb5+ Kd8 29. Bxf4 Rf8 30. Bxg5 Bxc3+ 31. bxc3 Rxf5 32. Bxe7+ Kc8 33. Rh8+ Kc7 34. Bd8+ Kc8 35. Bb6+ 1-0

[Event "Early-Titled-Tuesday-Blitz-March-26-2024"]
[Site "Chess.com"]
[Date "2024.03.26"]
[Round "6"]
[White "wqws"]
[Black "sergoy"]
[Result "1-0"]
[WhiteElo "2741"]
[BlackElo "2905"]
[TimeControl "180+1"]
[EndTime "9:03:04 PDT"]
[Termination "wqws won by resignation"]

1. e4 c5 2. Nf3 d6 3. d4 cxd4 4. Nxd4 Nf6 5. Nc3 a6 6. Bg5 Nbd7 7. Bc4 Qb6 8. Bb3 e6 9. Qd2 Be7 10. O-O-O Nc5 11. Rhe1 O-O 12. Kb1 Qc7 13. f4 h6 14.
h4 Nxb3 15. axb3 Rd8 16. g4 b5 17. Bxf6 Bxf6 18. g5 Bxd4 19. Qxd4 h5 20. g6 fxg6 21. e5 d5 22. Ne4 Bd7 23. Nd6 Be8 24. Rg1 Kh7 25. Rg5 Rxd6 26. exd6 Qxd6 27. Rdg1 Rc8 28. Rxh5+ Kg8 29. Rhg5 Qc7 30. Qd3 Qxf4 31. h5 Qh2 32. hxg6 b4 33. R5g2 Qh5 34. Qxa6 Bd7 35. Qd6 Rd8 36. Qe7 1-0

[Event "Early-Titled-Tuesday-Blitz-March-26-2024"]
[Site "Chess.com"]
[Date "2024.03.26"]
[Round "6"]
[White "Barmen_EV"]
[Black "Karttunen"]
[Result "1-0"]
[WhiteElo "2577"]
[BlackElo "2735"]
[TimeControl "180+1"]
[EndTime "9:03:07 PDT"]
[Termination "Barmen_EV won by checkmate"]

1. e4 e5 2. Nf3 Nc6 3. d4 exd4 4. Bc4 Nf6 5. O-O Nxe4 6. Nc3 Nd6 7. Re1+ Be7 8.
Nxd4 Nxc4 9. Nd5 N4e5 10. Nf5 Bf8 11. Qg4 Rg8 12. Bg5 Be7 13. Nfxe7 Qxe7 14. Nxe7 Nxg4 15. Nxc6+ Kf8 16. Be7+ Ke8 17. Bd6+ Ne5 18. Rxe5# 1-0

[Event "Early-Titled-Tuesday-Blitz-March-26-2024"]
[Site "Chess.com"]
[Date "2024.03.26"]
[Round "6"]
[White "chessdjw"]
[Black "dropstoneDP"]
[Result "1/2-1/2"]
[WhiteElo "2813"]
[BlackElo "2987"]
[TimeControl "180+1"]
[EndTime "9:03:08 PDT"]
[Termination "Game drawn by repetition"]

1. d4 d5 2. c4 dxc4 3. Nf3 Nf6 4. e3 e6 5. Bxc4 a6 6. O-O c5 7. Be2 cxd4 8. Nxd4 e5 9. Nf3 Qxd1 10. Rxd1 Nc6 11.
b3 Bf5 12. Bb2 Nd7 13. Nc3 Nb6 14. e4 Bg4 15. Nd5 Nxd5 16. exd5 Bxf3 17. Bxf3 Nd4 18.
Bxd4 exd4 19. Rxd4 Bd6 20. Re1+ Kd8 21. Rc4 Rc8 22.
Rxc8+ Kxc8 23. g3 Kd8 24. Bg4 g6 25. h4 f5 26. Bf3 Re8 27. Re6 Rxe6 28. dxe6 b6 29.
Bb7 a5 30. a4 Ke7 31. Bd5 Kf6 32. Kg2 h6 33. f3 g5 34. hxg5+ hxg5 35. g4 Ke5 36.
Bc4 f4 37. Kf1 Kd4 38. Ke2 Be7 39. Kd2 Bd6 40. Kc2 Be7 41. Bb5 Bd6 42. Bc6 Be7 43. Be4 Bd6 44. Kb2 Be7 45. Kc2 Bd6 46. Kb2 Be7 47.
Kc2 1/2-1/2

[Event "Early-Titled-Tuesday-Blitz-March-26-2024"]
[Site "Chess.com"]
[Date "2024.03.26"]
[Round "6"]
[White "Korchmar_Vasiliy"]
[Black "PierrotFace"]
[Result "1-0"]
[WhiteElo "2705"]
[BlackElo "2521"]
[TimeControl "180+1"]
[EndTime "9:03:10 PDT"]
[Termination "Korchmar_Vasiliy won by resignation"]

1. e4 c5 2. d4 cxd4 3. Qxd4 Nc6 4. Qd3 Nf6 5. Nc3 d6 6. Nf3 Qb6 7. Be2 e6 8. O-O a6 9. Bg5 h6 10. Bxf6 gxf6 11. Nd1 Rg8 12. Ne3 Bd7 13. Nc4 Qc7 14.
Rfd1 O-O-O 15. Nxd6+ Kb8 16. Nxf7 Nb4 17. Qd2 Rg7 18.
Nxd8 Qxd8 19. a3 Nc6 20. b4 Qc7 21. b5 axb5 22. Bxb5 Ne5 23. Nxe5 Bxb5 24. Qd8+ Qc8 25. Rab1 fxe5 26. Rxb5 Bxa3 27. g3 Rc7 28. Rxe5 Rxc2 29.
Rxe6 Ka7 30. Qa5+ Kb8 31. Rd8 Rc1+ 32. Kg2 1-0

[Event "Early-Titled-Tuesday-Blitz-March-26-2024"]
[Site "Chess.com"]
[Date "2024.03.26"]
[Round "6"]
[White "Marielchessy"]
[Black "JosefineHeinemann"]
[Result "0-1"]
[WhiteElo "2349"]
[BlackElo "2516"]
[TimeControl "180+1"]
[EndTime "9:03:10 PDT"]
[Termination "JosefineHeinemann won by resignation"]

1. e4 c5 2. Nf3 d6 3. d4 cxd4 4.
Nxd4 Nf6 5. Nc3 a6 6. Bg5 e6 7. f4 h6 8. Bh4 Nbd7 9. Qf3 e5 10.
Nf5 exf4 11. O-O-O g5 12. Nxd6+ Bxd6 13. Rxd6 Qe7 14. Rxf6 Nxf6 15. Bf2 Be6 16. Bd3 Bg4 17. e5 Bxf3 18. exf6 Qxf6 19. gxf3 O-O 20. h4 Rfe8 21. hxg5 hxg5 22. Ne4 Rxe4 23. Bxe4 Rd8 24. c3 b5 25. a3 a5 26. Bh7+ Kg7 27. Be4 b4 28. axb4 axb4 29. Kc2 bxc3 30. bxc3 Qa6 31. Bd4+ Rxd4 32. cxd4 Qc4+ 33.
Kd1 Qxd4+ 34. Ke2 Qe3+ 35. Kf1 f5 36. Bc6 Qc1+ 37. Kg2 Qxc6 0-1

[Event "Early-Titled-Tuesday-Blitz-March-26-2024"]
[Site "Chess.com"]
[Date "2024.03.26"]
[Round "6"]
[White "crescentmoon2411"]
[Black "Andrey_Klymchuk"]
[Result "1-0"]
[WhiteElo "2889"]
[BlackElo "2696"]
[TimeControl "180+1"]
[EndTime "9:03:11 PDT"]
[Termination "crescentmoon2411 won by checkmate"]

1. d4 Nf6 2. c4 c5 3. d5 b5 4. cxb5 a6 5. bxa6 g6 6. Nc3 Bg7 7. e4 O-O 8. Nf3 Qa5 9. Bd3 Nxd5 10. exd5 Bxc3+ 11. bxc3 Qxc3+ 12. Qd2 Qxa1 13. O-O Qg7 14. Re1 f6 15. h4 Bxa6 16. Bb1 d6 17. h5 g5 18. h6 Qxh6 19. Rxe7 Rf7 20. Qe3 Bb5 21.
Qe6 Qg7 22. Bxg5 Bd7 23. Qxd6 fxg5 24. Rxf7 Qxf7 25. Nxg5 Qg7 26. Nxh7 Kf7 27. f4 Qd4+ 28. Kh2 Ra4 29. Qf8# 1-0

[Event "Early-Titled-Tuesday-Blitz-March-26-2024"]
[Site "Chess.com"]
[Date "2024.03.26"]
[Round "6"]
[White "FormerProdigy"]
[Black "Polish_fighter3000"]
[Result "1/2-1/2"]
[WhiteElo "2980"]
[BlackElo "3111"]
[TimeControl "180+1"]
[EndTime "9:03:13 PDT"]
[Termination "Game drawn - insufficient material"]

1. d4 d5 2. c4 dxc4 3. e3 e6 4. Bxc4 Nf6 5. Nf3 c5 6. O-O a6 7. dxc5 Bxc5 8. Qxd8+ Kxd8 9. Ne5 Ke7 10. Be2 Rd8 11.
Nd3 Bd6 12. Rd1 Bd7 13. b3 Bb5 14. Nc3 Nc6 15. Nxb5 axb5 16. a4 bxa4 17. bxa4 b5 18. Nb2 bxa4 19. Rxa4 Rxa4 20. Nxa4 Bb4 21. Rxd8 Nxd8 22.
Bb2 Nb7 23. f3 Nc5 24. Nxc5 Bxc5 25. Bxf6+ Kxf6 26. Kf2 g5 27. g3 h5 28. f4 h4 29. Bh5 hxg3+ 30. hxg3 gxf4 31. gxf4 e5 32. fxe5+ Kxe5 33. Bxf7 Bxe3+ 1/2-1/2

[Event "Early-Titled-Tuesday-Blitz-March-26-2024"]
[Site "Chess.com"]
[Date "2024.03.26"]
[Round "6"]
[White "YoreDea"]
[Black "manitodeplomo"]
[Result "1-0"]
[WhiteElo "2534"]
[BlackElo "2651"]
[TimeControl "180+1"]
[EndTime "9:03:13 PDT"]
[Termination "YoreDea won by checkmate"]

1. e4 e6 2. d3 c5 3. g3 Nf6 4. Bg2 d6 5. Ne2 Be7 6. O-O O-O 7. c3 Nc6 8. d4 cxd4 9. cxd4 d5 10. e5 Nd7 11. Nbc3 b6 12. a4 Ba6 13. Nb5 Nb4 14. Nec3 Nb8 15. f4 g6 16. f5 exf5 17.
Bh6 Re8 18. Rxf5 gxf5 19. Qh5 N8c6 20. Rf1 Bc8 21. Bh3 Kh8 22. Rxf5 Rg8 23. Rxf7 Bxh3 24. Rxh7+ Kxh7 25. Bf8# 1-0

[Event "Early-Titled-Tuesday-Blitz-March-26-2024"]
[Site "Chess.com"]
[Date "2024.03.26"]
[Round "6"]
[White "Chess_Gainz"]
[Black "Donskov_AN"]
[Result "0-1"]
[WhiteElo "2550"]
[BlackElo "2379"]
[TimeControl "180+1"]
[EndTime "9:03:14 PDT"]
[Termination "Donskov_AN won by resignation"]

1. e4 c5 2. Nf3 e6 3. d4 cxd4 4. Nxd4 a6 5. Bd3 Qc7 6. O-O b6 7. c4 Bb7 8. Nc3 h5 9. h3 Nf6 10. Qe2 d6 11. Bd2 Nc6 12. Nxc6 Qxc6 13. Nd5 Nd7 14. f4 Nc5 15. Bc2 h4 16. f5 O-O-O 17. fxe6 fxe6 18. Nc3 Be7 19. b4 Nd7 20. Nd5 Bf6 21. Nxf6 gxf6 22. Bb3 Qxe4 23. Qxe4 Bxe4 24. Rae1 f5 25. Rf2 Rdg8 26. Bc3 Rh6 27. c5 d5 28. cxb6 Nxb6 29. Bd4 Nc4 30. Rc1 Rhg6 31. Bxc4 Rxg2+ 32. Rxg2 Rxg2+ 33. Kf1 dxc4 34. Rxc4+ Kd7 35. Be5 Rxa2 36. Rc7+ Kd8 37. Rh7 Bg2+ 38. Ke1 Bxh3 39. Rxh4 Bg4 40. Rh7 Re2+ 0-1

[Event "Early-Titled-Tuesday-Blitz-March-26-2024"]
[Site "Chess.com"]
[Date "2024.03.26"]
[Round "6"]
[White "Tolya2"]
[Black "Vision_64"]
[Result "1-0"]
[WhiteElo "2481"]
[BlackElo "2244"]
[TimeControl "180+1"]
[EndTime "9:03:16 PDT"]
[Termination "Tolya2 won by resignation"]

1. Nf3 Nf6 2. c4 g6 3. Nc3 Bg7 4. e4 d6 5. d4 O-O 6. Be2 Nbd7 7.
e5 dxe5 8. dxe5 Ng4 9. e6 fxe6 10. O-O Nc5 11. Bg5 Nf6 12. Qc2 c6 13. b4 Ncd7 14.
Rad1 Qc7 15. Bh4 e5 16. Ng5 Nb6 17. Bg3 Bf5 18. Qb3 Nh5 19. Bxh5 gxh5 20. Rfe1 Kh8 21. c5 Nd7 22. Nf7+ Rxf7 23. Qxf7 Bf6 24. Qxh5 Bg6 25.
Qe2 Rf8 26. Ne4 Bg7 27. h4 Nf6 28. Ng5 Bf5 29. Qxe5 Qxe5 30. Bxe5 Bg4 31. f3 Bc8 32. Ne4 Nxe4 33. Bxg7+ Kxg7 34. Rxe4 Bf5 35. Rxe7+ 1-0

[Event "Early-Titled-Tuesday-Blitz-March-26-2024"]
[Site "Chess.com"]
[Date "2024.03.26"]
[Round "6"]
[White "klimkoj"]
[Black "lucasran"]
[Result "1-0"]
[WhiteElo "2822"]
[BlackElo "2620"]
[TimeControl "180+1"]
[EndTime "9:03:17 PDT"]
[Termination "klimkoj won by checkmate"]

1. c4 c5 2. Nf3 Nc6 3. d4 cxd4 4.
Nxd4 g6 5. e4 Nf6 6. Nc3 Nxd4 7.
Qxd4 d6 8. Be2 Bg7 9. Bg5 O-O 10. Qe3 a5 11. O-O a4 12. f4 Be6 13. f5 Bd7 14.
Rad1 Qc7 15. e5 dxe5 16. Bxf6 Bxf6 17. Nd5 Qc6 18. fxg6 Rae8 19. gxf7+ Rxf7 20. Bh5 Rg7 21. Bxe8 Bxe8 22. Rxf6 exf6 23. Rf1 Rf7 24. Rxf6 Qxc4 25. Qg5+ Rg7 26. Ne7+ Kh8 27. Rf8+ Rg8 28. Rxg8+ Qxg8 29. Qxg8# 1-0

[Event "Early-Titled-Tuesday-Blitz-March-26-2024"]
[Site "Chess.com"]
[Date "2024.03.26"]
[Round "6"]
[White "MNyuyu"]
[Black "ernestina08chess"]
[Result "1-0"]
[WhiteElo "2414"]
[BlackElo "2233"]
[TimeControl "180+1"]
[EndTime "9:03:19 PDT"]
[Termination "MNyuyu won by resignation"]

1. d4 Nf6 2. Nf3 g6 3. c4 Bg7 4. Nc3 d5 5. cxd5 Nxd5 6. Bd2 Nb6 7. e3 O-O 8. Be2 N8d7 9. O-O c5 10. d5 Nf6 11. e4 e6 12. Bg5 Qe8 13. Bxf6 Bxf6 14.
e5 Bg7 15. d6 Bd7 16. a4 Bc6 17.
Re1 Qd7 18. Bb5 f6 19. Bxc6 Qxc6 20. exf6 Rxf6 21. Ne5 Qc8 22. d7 Qd8 23. a5 Nd5 24. Nxd5 exd5 25. Qxd5+ Kf8 26. Nxg6+ hxg6 27. Re8+ Qxe8 28.
dxe8=Q+ Rxe8 29. Qxc5+ Kg8 30. Qxa7 Rfe6 31. g3 Bxb2 32. Rb1 Bc3 33. Qxb7 Bd4 34. Qd5 Bf6 35. Rb6 1-0

[Event "Early-Titled-Tuesday-Blitz-March-26-2024"]
[Site "Chess.com"]
[Date "2024.03.26"]
[Round "6"]
[White "Gorbaev"]
[Black "ZenBull"]
[Result "1-0"]
[WhiteElo "2499"]
[BlackElo "2298"]
[TimeControl "180+1"]
[EndTime "9:03:20 PDT"]
[Termination "Gorbaev won by resignation"]

1. Nf3 c5 2. c4 Nc6 3. Nc3 Nf6 4. g3 e6 5. Bg2 Be7 6. O-O O-O 7. e4 d6 8. d4 cxd4 9. Nxd4 a6 10. Be3 Qc7 11.
Rc1 Ne5 12. b3 Ned7 13. f4 Rb8 14. g4 Rd8 15. g5 Ne8 16. f5 Ne5 17. Bh3 exf5 18. Nd5 Qa5 19. Nxf5 Bf8 20. Bb6 Qxa2 21. Ra1 Qb2 22. Bd4 Bxf5 23. Bxf5 Qxa1 24. Qxa1 Nc6 25. Bb6 1-0

[Event "Early-Titled-Tuesday-Blitz-March-26-2024"]
[Site "Chess.com"]
[Date "2024.03.26"]
[Round "6"]
[White "temus_galaktionov"]
[Black "nekotyanof"]
[Result "1-0"]
[WhiteElo "2890"]
[BlackElo "2697"]
[TimeControl "180+1"]
[EndTime "9:03:22 PDT"]
[Termination "temus_galaktionov won by resignation"]

1. d4 Nf6 2. c4 g6 3. Nf3 Bg7 4. Nc3 d5 5. cxd5 Nxd5 6. e4 Nxc3 7. bxc3 c5 8. Be3 Nc6 9. Qd2 Qa5 10. Rc1 cxd4 11.
cxd4 Qxd2+ 12. Kxd2 O-O 13. d5 Rd8 14. Kc2 Na5 15. Bg5 Bd7 16. Bxe7 Re8 17. Bb4 Rac8+ 18. Kb1 Rxc1+ 19. Kxc1 Nc4 20. Bd3 Bh6+ 21. Kb1 Bb5 22. Rd1 a5 23. Bc5 Rc8 24. Be7 Ba6 25. d6 Na3+ 26.
Kb2 Bg7+ 27. e5 Bxd3 28. Rxd3 Nc4+ 29. Kb1 Nxe5 30. Nxe5 Bxe5 1-0